 Dungeon Crawl Stone Soup version 0.18-a0-921-g28655ce (webtiles) character file.

27 4thArraOfDagon the Scratcher (level 2, -3/14 HPs)
             Began as a Felid Monk on Dec 27, 2015.
             Slain by a sky beast (5 damage)
             ... on level 5 of the Dungeon.
             The game lasted 00:02:00 (555 turns).

4thArraOfDagon the Scratcher (Felid Monk)            Turns: 555, Time: 00:02:00

Health: -3/14      AC:  1    Str:  7    XL:     2   Next: 93%
Magic:  3/3        EV: 20    Int: 11    God:
Gold:   40         SH:  0    Dex: 18    Spells: 0 memorised, 1 level left
                                        Lives:  0   Deaths: 0

rFire  . . .     SeeInvis +       - Unarmed
rCold  . . .     Gourm    .     (armour unavailable)
rNeg   . . .     Faith    .     (shield unavailable)
rPois  .         Spirit   .     (helmet unavailable)
rElec  .         Dismiss  .     (cloak unavailable)
rCorr  .         Reflect  .     (gloves unavailable)
SustAt .         Harm     .     (boots unavailable)
MR     .....                    (no amulet)
Stlth  +++.......               (no ring)
                                (no ring)

@: quick, not resistant to hostile enchantments, fairly stealthy
A: no armour, no weapons or thrown items, claws 1, fangs 3, see invisible,
carnivore 3, speed 1, shaggy fur 1, slow metabolism 1, sharp paws
a: no special abilities


You were on level 5 of the Dungeon.
You were very full.

You visited 1 branch of the dungeon, and saw 5 of its levels.

You collected 40 gold pieces.

Inventory:

Scrolls
 b - 2 scrolls of remove curse {unknown}
 c - a scroll of identify {unknown}
 e - a scroll of fear {unknown}
Comestibles
 a - a meat ration
 d - a beef jerky


   Skills:
 + Level 3.1 Fighting
 + Level 4.2 Dodging
 * Level 3.6 Stealth
 * Level 4.3 Unarmed Combat


You had one spell level left.
You didn't know any spells.

Dungeon Overview and Level Annotations

Branches:
Dungeon (5/15)
 Temple: D:4-7

Altars:
Elyvilon

Annotations:
D:4 Blork the orc
D:5 4thArraOfDagon's ghost, weakling FeWn


Innate Abilities, Weirdness & Mutations

You cannot wear armour.
You are incapable of wielding weapons or throwing items.
You have sharp claws.
You have razor-sharp teeth.
You have supernaturally acute eyesight.
You are carnivorous and can eat meat at any time.
You cover ground quickly.
You are covered in fur (AC +1).
You have a slow metabolism.
Your sharp claws are effective at attacking unaware monsters.


Message History

* * * LOW HITPOINT WARNING * * *
There is an open door here.
Unknown command.
Found a stone staircase leading up.
Unknown command.
There is a stone staircase leading up here.
Found a scroll labeled ERUOM ZOYWOSM.
You see here a scroll labeled ERUOM ZOYWOSM.
e - a scroll labeled ERUOM ZOYWOSM You open the door.
Found 22 gold pieces.
Found an escape hatch in the ceiling.
Found a stone staircase leading down. 4thArraOfDagon's ghost (weakling Felid Wanderer) comes into view.
Unknown command.
As you open the door, it creaks loudly!
The sky beast flickers out of sight for a moment.
The sky beast hits you.
* * * LOW HITPOINT WARNING * * *
The sky beast shocks you.
You die...

# #.######.#.#.> #
#.#. ..##.#.#$# #
#.#####.##.#.#.# #
##.......##.#.#.#
.....#.......#'###
####.......##.##....#
.5.# #..#...........#
##.#.##.#...#.##Y...#
#Y#........#...@####
#.####.##..####'#
#.####..#..# ...
#.Y.....#..# #....
#######.#... ?.....
.##.##......# ..
..#.#+#... ### ..
...#


You could see a sky beast (invisible).

Vanquished Creatures
  A hound skeleton (D:3)
  An ooze (D:3)
  2 hobgoblins (D:1)
  3 jackals (D:1)
  A giant newt (D:1)
  A goblin (D:1)
  A quokka (D:3)
  A rat (D:1)
11 creatures vanquished.

Notes
Turn   | Place    | Note
--------------------------------------------------------------
     0 | D:1      | 4thArraOfDagon the Felid Monk began the quest for the Orb.
     0 | D:1      | Reached XP level 1. HP: 10/10 MP: 2/2
     6 | D:1      | Noticed a wolf
     6 | D:1      | Noticed a polar bear
     6 | D:1      | Noticed a water moccasin
     6 | D:1      | Noticed a fire drake
    87 | D:2      | Found a faded altar to an unknown god.
   114 | D:1      | Reached XP level 2. HP: 9/14 MP: 3/3
   447 | D:4      | Found a white marble altar of Elyvilon.
   463 | D:4      | Noticed Blork the orc
   469 | D:5      | Entered Level 5 of the Dungeon
   478 | D:5      | Noticed a sky beast
   552 | D:5      | Noticed 4thArraOfDagon's ghost (weakling FeWn)
   555 | D:5      | Slain by a sky beast

Vault maps used:
D:1:      onia_arrival_zoo_common
D:2:      ecumenical_altar_1
D:3:      minivault_4
D:4:      nicolae_overflow_hidden_temple, first_bread, elyvilon_altar_4,
          uniq_sigmund, uniq_blork_the_orc
D:5:      grunt_temple_overflow_order_and_chaos_2, minivault_26,
          due_unseen_surprise

Action                   || total
-------------------------++-------
Melee: Unarmed           ||    35
 Stab: Sleeping          ||     2
  Eat: Chunk             ||     5
